 Dungeon Crawl Stone Soup version 0.30-a0-782-ge64f9170bb (webtiles) character file.

Game seed: 10061282335695582286

1779 Barriton the Conjurer (level 8, -14/62 HPs)
             Began as a Black Draconian Conjurer on Feb 24, 2023.
             Was a Follower of Sif Muna.
             Demolished by an ogre
             ... wielding a +0 giant spiked club
              (18 damage)
             ... on level 5 of the Dungeon.
             The game lasted 00:11:51 (5477 turns).

Barriton the Conjurer (Black Draconian Conjurer)    Turns: 5477, Time: 00:11:52

Health: -14/62     AC:  9    Str:  9    XL:     8   Next: 81%
Magic:  0/17       EV: 12    Int: 21    God:    Sif Muna [*.....]
Gold:   116        SH:  0    Dex: 10    Spells: 13/19 levels left

rFire   . . .      SeeInvis .      - Unarmed
rCold   . . .      Faith    .    (no shield)
rNeg    . . .      Spirit   .    (body armour unavailable)
rPois   .          Reflect  .    (helmet restricted)
rElec   +          Harm     .    k - +0 cloak
rCorr   .          Rampage  .    (no gloves)
Will    .....                    g - +1 pair of boots
Stlth   ++                       (no amulet)
HPRegen 0.30/turn                (no ring)
MPRegen 0.15/turn                (no ring)

@: no status effects
A: breathe lightning, AC +6, unfitting armour, electricity resistance,
cold-blooded
a: Breathe Lightning, Renounce Religion, Channel Magic


You were on level 5 of the Dungeon.
You worshipped Sif Muna.
Sif Muna was aware of your devotion.
You visited 2 branches of the dungeon, and saw 6 of its levels.

You collected 116 gold pieces.

Inventory:

Armour
 g - a +1 pair of boots (worn)
 k - a +0 cloak (worn)
Magical Staves
 j - a staff of earth
Wands
 l - a wand of flame (5)
 n - a wand of iceblast (10)
Scrolls
 e - a scroll of magic mapping
 f - a scroll of teleportation
 m - a scroll of fear
Potions
 a - a potion of attraction {unknown}
 b - a potion of berserk rage {unknown}
 c - a potion of cancellation
 d - 3 potions of curing
 h - 2 potions of lignification {unknown}
 i - a potion of degeneration {unknown}


   Skills:
 + Level 2.4 Fighting
 + Level 3.8 Dodging
 + Level 3.3 Stealth
 + Level 2.5 Unarmed Combat
 + Level 6.4 Spellcasting
 + Level 7.5 Conjurations
 + Level 2.3 Air Magic
 + Level 0.6 Poison Magic


You had 13 spell levels left.
You knew the following spells:

 Your Spells              Type           Power      Damage    Failure   Level
a - Magic Dart            Conj           100%       1d8       1%          1
b - Searing Ray           Conj           76%        2d7       1%          2
c - Mephitic Cloud        Conj/Pois/Air  21%        N/A       7%          3

Your spell library contained the following spells:

 Spells                   Type           Power      Damage    Failure   Level
 Dazzling Flash           Conj/Hex       44%        N/A       6%          3
 Hailstorm                Conj/Ice       22%        3d7       6%          3
 Poisonous Vapours        Pois/Air       26%        N/A       8%          2
 Sting                    Tmut/Pois      32%        1d4       9%          1
 Apportation              Tloc           12%        N/A       10%         1
 Freeze                   Ice            24%        1d4       10%         1
 Necrotise                Necr           24%        1d5       10%         1
 Summon Small Mammal      Summ           24%        N/A       10%         1
 Cigotuvi's Dreadful Rot  Necr/Pois/Air  20%        N/A       10%         2
 Fulminant Prism          Conj/Hex       11%        3d9       21%         4
 Iskenderun's Mystic Bla  Conj/Tloc      22%        2d6       21%         4
 Sticky Flame             Conj/Fire      22%        2d4       21%         4
 Ignite Poison            Fire/Tmut/Pois 7%         N/A       26%         3
 Frozen Ramparts          Ice            12%        1d2       28%         3
 Ignition                 Fire           3%         3d4       100%        8


Dungeon Overview and Level Annotations

Branches:
Dungeon (5/15)             Temple (1/1) D:4

Altars:
Ashenzari
Cheibriados
Dithmenos
Elyvilon
Hepliaklqana
Sif Muna
Uskayaw
Vehumet
Wu Jian
Xom
Yredelemnul

Shops:
D:4 *

Annotations:
D:5 2 runed translucent doors


Innate Abilities, Weirdness & Mutations

You can breathe wild blasts of lightning.
Your glossy black scales are hard. (AC +6)
You cannot fit into any form of body armour.
You are resistant to electric shocks. (rElec)
You are cold-blooded and may be slowed by cold attacks.


Message History

Casting: Mephitic Cloud (dangerous; 9% risk of failure)
Confirm with . or Enter, or press ? or * to list all spells.
Aiming: Searing Ray (safe; 1% risk of failure)
Press: ? - help, Shift-Dir - straight line, f - two-headed ogre
Aim: a two-headed ogre, wielding a +0 giant spiked club and a +0 giant club (noxious fumes, lightly wounded, confused, 98% to hit)
The searing ray hits the two-headed ogre!
The two-headed ogre is moderately wounded. (Press . to maintain the ray.)
The two-headed ogre seems less confused.
The two-headed ogre is engulfed in noxious fumes.
The two-headed ogre appears confused.
The searing ray hits the two-headed ogre!
The two-headed ogre is moderately wounded.
The searing ray hits the two-headed ogre!
The two-headed ogre is heavily wounded.
The searing ray hits the two-headed ogre!
The two-headed ogre is severely wounded.
You finish channelling your searing ray.
The two-headed ogre barely misses you.
The two-headed ogre hits you with a +0 giant club!
* * * LOW HITPOINT WARNING * * *
The two-headed ogre hits itself with a +0 giant spiked club!!
The two-headed ogre is killed!
Sif Muna accepts your kill.
Your Unarmed Combat skill increases to level 2!
Your Spellcasting skill increases to level 6!
Your Conjurations skill increases to level 7!
Your Air Magic skill increases to level 2!
Casting: Searing Ray (safe; 1% risk of failure)
Confirm with . or Enter, or press ? or * to list all spells.
You don't have enough magic to cast this spell.
Casting: Searing Ray (safe; 1% risk of failure)
Confirm with . or Enter, or press ? or * to list all spells.
Aiming: Magic Dart (safe; 1% risk of failure)
Press: ? - help, Shift-Dir - straight line, f - ogre
Aim: an ogre, wielding a +0 giant spiked club (moderately wounded, 100% to hit)
The magic dart hits the ogre.
The ogre is moderately wounded.
The ogre hits you with a +0 giant spiked club!!
You die...

###############
#.......#.....###
#.......#...#...##########
#.........)...............
#......).######..######..#
#.......##. #### ##.#
#######.#†# #.#
##......#O# #.#
#.......#@### #.#
#.......#.#.## #.#
##......##.#.# #.#
#.......###'# ..#
#......#.....#
#......'....##
##....)#....#
#######.#..+. #....+...


You could see an ogre.

Vanquished Creatures
  A two-headed ogre (D:5)
  Sigmund (D:4)
  Duvessa (D:5)
  A phantom (D:4)
  3 necrophages
  3 scorpions
  Dowan (D:5)
  2 howler monkeys (D:5)
  2 hounds
  An iguana (D:5)
  7 orc wizards (D:4)
  6 adders
  A worm (D:3)
  5 dart slugs
  5 orcs
  6 ball pythons
  4 bats
  4 endoplasms
  2 giant cockroaches (D:4)
  4 goblins
  4 hobgoblins
  3 jackals (D:1)
  5 kobolds
  5 quokkas
  4 frilled lizards
  A rat (D:3)
82 creatures vanquished.

Vanquished Creatures (others)
  2 fungi (D:3)
2 creatures vanquished.

Grand Total: 84 creatures vanquished

Notes
Turn   | Place    | Note
-------+----------+-------------------------------------------
     0 | D:1      | Barriton the Draconian Conjurer began the quest for the
                  | Orb.
     0 | D:1      | Reached XP level 1. HP: 14/14 MP: 3/3
   205 | D:1      | Reached XP level 2. HP: 20/20 MP: 0/5
   671 | D:1      | Reached XP level 3. HP: 26/26 MP: 4/6
  1300 | D:2      | Learned a level 2 spell: Searing Ray
  2300 | D:3      | Found a faded altar of an unknown god.
  2308 | D:3      | Got Plato's Directory of Permutations
  2683 | D:4      | Reached XP level 4. HP: 29/33 MP: 2/8
  2823 | D:4      | Noticed Sigmund
  2849 | D:4      | HP: 1/33 [something (4)]
  2852 | D:4      | Killed Sigmund
  2853 | D:4      | Reached skill level 1 in Fighting
  2853 | D:4      | Reached skill level 1 in Unarmed Combat
  2853 | D:4      | Reached skill level 5 in Conjurations
  2853 | D:4      | Reached XP level 5. HP: 3/40 MP: 5/10
  3032 | D:4      | Found a staircase to the Ecumenical Temple.
  3039 | Temple   | Entered the Ecumenical Temple
  3341 | Temple   | Became a worshipper of Sif Muna the Loreminder
  3416 | D:4      | Reached XP level 6. HP: 47/47 MP: 4/11
  3953 | D:4      | Reached skill level 6 in Conjurations
  3953 | D:4      | Your scales start taking on a glossy black colour.
  3953 | D:4      | Reached XP level 7. HP: 52/52 MP: 1/13
  3953 | D:4      | Gained mutation: You are resistant to electric shocks.
                  | (rElec) [Black Draconian growth]
  4213 | D:4      | Learned a level 3 spell: Mephitic Cloud
  4362 | D:4      | Found Jurhad's General Store.
  4776 | D:5      | Entered Level 5 of the Dungeon
  5049 | D:5      | Reached skill level 5 in Spellcasting
  5183 | D:5      | Reached skill level 1 in Air Magic
  5260 | D:5      | Noticed Duvessa
  5263 | D:5      | Noticed Dowan
  5271 | D:5      | Killed Duvessa
  5272 | D:5      | Reached XP level 8. HP: 61/61 MP: 0/16
  5292 | D:5      | Killed Dowan
  5308 | D:5      | Reached * piety under Sif Muna
  5445 | D:5      | Found a large runed translucent door.
  5445 | D:5      | Found a large runed translucent door.
  5463 | D:5      | Noticed a two-headed ogre
  5476 | D:5      | Killed a two-headed ogre
  5477 | D:5      | Reached skill level 7 in Conjurations
  5477 | D:5      | Demolished by an ogre

Illustrated notes

Levels and vault maps discovered:
D:1:      lemuel_arrival_rhombus, layout_basic
D:2:      layout_basic
D:3:      layout_rooms, shapermc_ecumenical_altar_rom_forum
D:4:      layout_cave_pods, minmay_temple_entry_arrows, serial_shops,
          nicolae_shop_behind_doors, chequers_serial_rivers_micro_d,
          minmay_a_box_with_orc_wizards_in_it, uniq_sigmund
D:5:      layout_gridville, mainiacjoe_overflow_catwalk,
          minmay_hollow_rounded_squares, uniq_duvessa
Temple:   minmay_temple_curvy_loop

Skill      XL: |  1  2  3  4  5  6  7  8 |
---------------+-------------------------+-----
Dodging        | 2 3 |  3.8
Fighting       | 1 2 |  2.4
Stealth        | 2 3 |  3.3
Unarmed Combat | 1 2 |  2.5
Spellcasting   | 3 4 5 6 |  6.4
Conjurations   | 5 6 7 |  7.5
Air Magic      | 1 2 |  2.3
Poison Magic   | |  0.6

Action                     |  1- 3 |  4- 6 |  7- 9 || total
---------------------------+-------+-------+-------++-------
  Melee: Unarmed           |   112 |    16 |    27 ||   155
         Tailslap          |    15 |     1 |     5 ||    21
   Cast: Magic Dart        |    85 |    41 |    55 ||   181
         Searing Ray       |       |    14 |    13 ||    27
         Mephitic Cloud    |       |       |     5 ||     5
    Use: Scroll            |    10 |       |     3 ||    13
         Potion            |       |     1 |       ||     1
 Armour: Skin              |    45 |    11 |    17 ||    73
  Dodge: Dodged            |    88 |    14 |    29 ||   131

Table legend: (Time is in decaauts)
 A = Elapsed time spent in this place.
 B = Non-inter-level travel time spent in this place.
 C = Inter-level travel time spent in this place.
 D = Time resting spent in this place.
 E = Time spent auto-exploring this place.
 F = Levels seen in this place.
 G = Mean time per level.
                   A        B        C        D        E       F      G
               +--------+--------+--------+--------+--------+-----+--------+
         Total |   5475 |   5195 |    280 |      0 |   4478 |   6 |  912.5 |
       Dungeon |   5191 |   5028 |    163 |      0 |   4327 |   5 | 1038.2 |
        Temple |    284 |    167 |    117 |      0 |    151 |   1 |  284.0 |
               +--------+--------+--------+--------+--------+-----+--------+

Top non-repeatable levels by time:
     D:4: 1871 daAuts
     D:1: 1133 daAuts
     D:3: 807 daAuts
     D:5: 699 daAuts
     D:2: 678 daAuts
  Temple: 284 daAuts
